Map: Deathaura LE

Players

rottenorange

  • Race: Terran Terran
  • League: Bronze
  • Spawn Location: 5:00

itsDani - Winner!

  • Race: Protoss Protoss
  • League: Platinum
  • Spawn Location: 11:00

VOD

Have the link to the VOD?

Description

Time

  • Played on: Oct. 8, 2020, 4:10 p.m.
  • Length: 4:11
Show
View Real Time Build Order
Export as new Build Order

rottenorange Terran 

Build Orders:  

Get SALT Encoding   

  12  0:01  SCV  
  13  0:13  SCV  
  14  0:22  Supply Depot  
  14  0:25  SCV  
  15  0:46  Barracks  
  15  0:52  Refinery  
  15  0:53  SCV  
  16  1:05  SCV  
  17  1:17  SCV  
  18  1:30  SCV  
  19  1:35  Marine  
  20  1:53  Marine  
  21  2:04  Factory  
  21  2:11  Marine, Orbital Command  
  22  2:23  Supply Depot  
  22  2:28  Marine  
  23  2:45  SCV  
  23  2:51  Supply Depot  
  24  2:57  SCV  
  25  3:22  Marine  
  26  3:34  SCV  
  26  3:40  Marine  
  28  3:46  SCV  
  27  3:58  SCV  
  30  4:06  Supply Depot  
Show
View Real Time Build Order
Export as new Build Order

itsDani Protoss - Winner!

Build Orders:  

Get SALT Encoding   

  12  0:00  Probe  
  13  0:13  Probe  
  14  0:18  Pylon  
  14  0:25  Probe  
  15  0:31  Assimilator  
  15  0:37  Probe  
  16  0:44  Gateway  
  16  0:50  Probe  
  17  1:04  Probe  
  18  1:16  Probe  
  19  1:28  Probe  
  19  1:32  Pylon  
  20  1:42  Cybernetics Core  
  20  1:45  Probe  
  21  1:57  Probe  
  22  2:09  Probe  
  23  2:21  Stargate, Probe  
  24  2:26  Shield Battery  
  24  2:30  Shield Battery  
  24  2:39  Probe  
  24  2:42  Stalker  
  27  2:52  Pylon  
  27  2:55  Shield Battery  
  27  3:01  Void Ray (Chrono Boost)  
  27  3:05  Shield Battery  
Tags
 
Matchup
PvT
Replay Pack
replays
Spawn Locations
Cross Positions
Add a new tag
Caveats
  • Supply blocks, unpowered buildings, or Contaminate may cause inaccurate times.
  • Supply counts are checked every 10 seconds.